 Dungeon Crawl Stone Soup version 0.31-a0-331-geda263fcf1 (webtiles) character file.

Game seed: 11300726467987292145

21 mopl the Changeling (level 2, 0/19 HPs)
             Began as an Octopode Shapeshifter on July 19, 2023.
             Frozen to death by an endoplasm (5 damage)
             ... on level 1 of the Dungeon.
             The game lasted 00:00:25 (153 turns).

mopl the Changeling (Octopode Shapeshifter)          Turns: 153, Time: 00:00:26

Health: 0/19       AC:  1    Str: 14    XL:     2   Next: 83%
Magic:  2/2        EV: 13    Int: 10    God:
Gold:   0          SH:  0    Dex: 12    Spells: 1/1 levels left

rFire   . .          .
                       - Unarmed
rCold   . . .        (no shield)
rNeg    . . .        (helmet currently unavailable)
rPois   .            (no amulet)
rElec   .            (no ring)
rCorr   .            (no ring)
SInv    .            (no ring)
Will    .....        (no ring)
Stlth   ++           (no ring)
HPRegen 0.23/turn    (no ring)
MPRegen 0.08/turn    (no ring)
                     (no ring)

%: no passive effects
@: beast-form
A: beast (slay +2), almost no armour, amphibious, 8 rings, camouflage 1,
gelatinous body 1, (nimble swimmer 1), tentacles
a: Begin Untransformation


You were on level 1 of the Dungeon.
You were a hulking beast.
You visited 1 branch of the dungeon, and saw 1 of its levels.

Inventory:

Talismans
 b - a beast talisman
Potions
 a - a potion of lignification {!q}


   Skills:
 + Level 2.2 Fighting
 + Level 2.2 Dodging
 * Level 2.5 Unarmed Combat
 * Level 3.2 Shapeshifting


You had one spell level left.
You didn't know any spells.
Your spell library was empty.

Dungeon Overview and Level Annotations

Branches:
Dungeon (1/15)

Altars:


Innate Abilities, Weirdness & Mutations

You are a hulking beast.
Your limbs bulge with bestial killing power. (Slay +2)
You cannot wear most types of armour.
You are amphibious.
You can wear up to eight rings at the same time.
Your skin changes colour to match your surroundings (Stealth+).
Your rubbery body absorbs attacks. (AC +1, EV +1)
((You are camouflaged when in or above water. (Stealth+)))
You have tentacles for arms and can constrict up to eight enemies at once.


Message History

You constrict the giant cockroach.
You kill the giant cockroach!
A ball python comes into view.
The ball python misses you. The ball python grabs you.
The ball python constricts you. The kobold closely misses you.
A rat comes into view.
The endoplasm hits you. The ball python bites you.
The ball python constricts you.
Things that are here:
a giant cockroach corpse; a bat corpse You escape the ball python's grasp.
The kobold attacks as you move away!
The kobold hits you with a +1 short sword of flaming.
The kobold burns you.
Unknown command.
The ball python hisses angrily.
You bludgeon the kobold!
You kill the kobold!
You tentacle-slap the ball python. You grab the ball python.
Your squeeze misses the ball python.
The ball python is moderately wounded.
You constrict the ball python. The ball python bites you.
The ball python misses you. The ball python bites you.
* * * LOW HITPOINT WARNING * * *
The ball python closely misses you.
You tentacle-slap the ball python.
You kill the ball python!
Unknown command.
You barely miss the goblin. Your grab misses the goblin.
You squeeze the goblin.
You kill the goblin!
Unknown command.
You tentacle-slap the ball python. You grab the ball python.
The ball python is severely wounded.
You constrict the ball python.
You kill the ball python!
Unknown command.
You completely miss the endoplasm. The endoplasm freezes you.
You are frozen.
You die...

.....K..# #...[.
........# #.....
........# #...#.
!.......######### #.....
........##......# #....#
........##.####.# #....#
........##.# #.#####....#
g.......##.# #.##..)...##
.......rJh.####.##.######
........####............#
........# #.......####.#
........# #...........
######### #.......####
#.......# #.......#
#.......# #.......#


You could see an endoplasm and a rat.

Vanquished Creatures
  A gnoll (D:1)
  2 ball pythons (D:1)
  An endoplasm (D:1)
  A giant cockroach (D:1)
  A goblin (D:1)
  A hobgoblin (D:1)
  2 kobolds (D:1)
  2 bats (D:1)
11 creatures vanquished.

Notes
Turn   | Place    | Note
-------+----------+-------------------------------------------
     0 | D:1      | mopl the Octopode Shapeshifter began the quest for the Orb.
     0 | D:1      | Reached XP level 1. HP: 14/14 MP: 1/1
    57 | D:1      | Reached XP level 2. HP: 5/19 MP: 2/2
   153 | D:1      | Frozen to death by an endoplasm

Illustrated notes

Levels and vault maps discovered:
D:1:      lemuel_arrival_behind_the_door_small, layout_basic

Action                     || total
---------------------------++-------
  Melee: Unarmed           ||    23
         Constrict         ||     8
         Tentacles         ||     3
         Punch             ||     1
 Armour: Skin              ||     1
  Dodge: Dodged            ||    17

Table legend: (Time is in decaauts)
 A = Elapsed time spent in this place.
 B = Non-inter-level travel time spent in this place.
 C = Inter-level travel time spent in this place.
 D = Time resting spent in this place.
 E = Time spent auto-exploring this place.
 F = Levels seen in this place.
 G = Mean time per level.
                   A        B        C        D        E       F      G
               +--------+--------+--------+--------+--------+-----+--------+
         Total |    151 |    151 |      0 |     51 |     58 |   1 |  151.0 |
       Dungeon |    151 |    151 |      0 |     51 |     58 |   1 |  151.0 |
               +--------+--------+--------+--------+--------+-----+--------+

Top non-repeatable levels by time:
     D:1: 151 daAuts
